 Dungeon Sprint DCSS version 0.30-a0-777-ga9a30cbeda (webtiles) character file.

Game seed: 7938351998335362487

605 sircluck the Fighter (level 7, -7/72 HPs)
             Began as a Hill Orc Fighter on Feb 13, 2023.
             Was a Believer of Beogh.
             Killed from afar by a merfolk aquamancer (40 damage)
             ... with a ball of steam
             ... in the Dungeon (Sprint VII: "The Pits").
             The game lasted 00:03:24 (878 turns).

sircluck the Fighter (Hill Orc Fighter)              Turns: 878, Time: 00:03:24

Health: -7/72      AC: 16    Str: 21    XL:     7   Next: 42%
Magic:  7/7        EV:  7    Int:  8    God:    Beogh [**....]
Gold:   0          SH:  5    Dex: 10    Spells: 6/6 levels left

rFire   . . .      SeeInvis .    n - +2 hand axe
rCold   . . .      Faith    .    c - +0 buckler
rNeg    . . .      Spirit   .    l - +2 plate armour
rPois   .          Reflect  .    (no helmet)
rElec   .          Harm     .    (no cloak)
rCorr   .          Rampage  .    (no gloves)
Will    .....      NoTele   +    (no boots) Stlth
                                 (no amulet)
HPRegen 0.32/turn                (no ring)
MPRegen 0.10/turn                (no ring)

@: no status effects
A: no striking features
a: Renounce Religion, Smiting


You were in the Dungeon.
You worshipped Beogh.
Beogh was pleased with you.
You visited 1 branch

Inventory:

Hand Weapons
 a - a +0 war axe
 k - a +2 mace of protection
 n - a +2 hand axe (weapon)
Missiles
 r - 11 stones (quivered)
Armour
 b - a +0 scale mail
 c - a +0 buckler (worn)
 l - a +2 plate armour (worn)
 m - a +3 ring mail
Scrolls
 j - a scroll of blinking
 p - 5 scrolls of amnesia
 q - a scroll of butterflies
Potions
 d - a potion of might
 e - 6 potions of curing
 f - 6 potions of heal wounds
 g - a potion of haste
 h - 4 potions of magic
 i - 3 potions of berserk rage
 o - 2 potions of invisibility


   Skills:
 + Level 10.2 Fighting
 + Level 9.7 Axes
 + Level 0.3 Throwing
 + Level 9.5 Armour
 + Level 2.6 Dodging
 + Level 0.5 Stealth
 + Level 8.0 Shields
 + Level 2.1 Unarmed Combat


You had 6 spell levels left.
You didn't know any spells.
Your spell library was empty.

Dungeon Overview and Level Annotations

Branches:
Dungeon (1/1)

Altars:
Ashenzari
Cheibriados
Dithmenos
Elyvilon
Fedhas
Gozag
Hepliaklqana
Kikubaaqudgha
Makhleb
Nemelex Xobeh
Okawaru
Qazlal
Ru
Sif Muna
Trog
Uskayaw
Vehumet
Wu Jian
Xom
Yredelemnul
Zin
The Shining One
Beogh
Jiyva
Lugonu


Message History

There is an open door here.
r - 11 stones (gained 3)
There is an open door here.
You see here a +0 club.
There is an open door here.
You see here a +0 club.
There is an open door here.
There is an open door here.
There is an open door to the Storerooms (Easy) here.
A water elemental comes into view.
There is a huge open gate leading to the Armoury (Hard) here.
A merfolk aquamancer comes into view.
It is wielding a +2 rapier of holy wrath.
The merfolk aquamancer shouts!
The merfolk aquamancer mumbles some strange words.
The merfolk aquamancer blinks!
There is a huge open gate here.
A merfolk comes into view. It is wielding a +0 trident.
The merfolk shouts!
You hear a deafening roar!
A hell rat comes into view.
The merfolk aquamancer gestures at you while chanting.
The torrent of water misses you.
The wave splashes down.
Splash!
You fall into the shallow water.
Moving in this stuff is going to be slow.
Your unstable footing causes you to fumble your attack.
The merfolk aquamancer points at you and mumbles some strange words.
The torrent of water hits you!!
The wave splashes down.
The water elemental attacks as you move away!
The water elemental hits you.
There is a huge open gate here.
There is a huge open gate leading to the Armoury (Hard) here.
You hit the merfolk aquamancer.
The merfolk aquamancer is lightly wounded.
The merfolk aquamancer hits you with a +2 rapier of holy wrath.
You closely miss the water elemental. You hit the merfolk aquamancer.
The water elemental closely misses you.
The merfolk aquamancer gestures at you while chanting.
The ball of steam hits you!!!
Ouch! That really hurt!
You die...

#####+#### ......... ......
#''# ##########''##########
#................##..#
#......#..#......##~.#
#................m'~~#
'...............@E'~~#
#......#..#......##~~m.....
#................##..r.....
####'#####++###############
#.......# #.......#
#.......# #...<...#
#.......#


You could see a merfolk aquamancer, a merfolk, a water elemental and a hell rat.

Vanquished Creatures
  A water elemental (D)
  A fire bat (D)
  A basilisk (D)
  A floating eye (D)
  A quasit (D)
  A crimson imp (D)
  Ijyb (D)
  A gnoll (D)
  A river rat (D)
  An orc (D)
  A giant cockroach (D)
  3 hobgoblins (D)
  2 kobolds (D)
  A ball python (D)
  A frilled lizard (D)
  A quokka skeleton (D)
19 creatures vanquished.

Vanquished Creatures (others)
  A phantom (D)
  An orc priest (D)
  An orc wizard (D)
  5 orcs (D)
8 creatures vanquished.

Grand Total: 27 creatures vanquished

Notes
Turn   | Place    | Note
-------+----------+-------------------------------------------
     0 | D        | sircluck the Hill Orc Fighter began the quest for the Orb.
     0 | D        | Reached XP level 1. HP: 19/19 MP: 1/1
    36 | D        | Reached skill level 4 in Fighting
    44 | D        | Reached XP level 2. HP: 20/28 MP: 2/2
    52 | D        | Noticed a fire bat
    61 | D        | Killed a fire bat
    62 | D        | Reached skill level 7 in Fighting
    62 | D        | Reached skill level 5 in Axes
    62 | D        | Reached XP level 3. HP: 14/40 MP: 3/3
    62 | D        | Reached XP level 4. HP: 17/48 MP: 4/4
    62 | D        | Reached XP level 5. HP: 18/53 MP: 5/5
    64 | D        | Reached skill level 1 in Dodging
   264 | D        | Found a bloodstained altar of Trog.
   264 | D        | Found a shimmering blue altar of Sif Muna.
   264 | D        | Found a viscous altar of Jiyva.
   264 | D        | Found a hazy altar of Hepliaklqana.
   264 | D        | Found an opulent altar of Gozag.
   265 | D        | Found a glowing golden altar of the Shining One.
   265 | D        | Found a glowing silver altar of Zin.
   265 | D        | Found a basalt altar of Yredelemnul.
   265 | D        | Found a shimmering altar of Xom.
   265 | D        | Found an ornate altar of the Wu Jian Council.
   265 | D        | Found a sacrificial altar of Ru.
   265 | D        | Found a stormy altar of Qazlal.
   265 | D        | Found an iron altar of Okawaru.
   265 | D        | Found a sparkling altar of Nemelex Xobeh.
   265 | D        | Found a burning altar of Makhleb.
   265 | D        | Found a blossoming altar of Fedhas.
   265 | D        | Found a white marble altar of Elyvilon.
   265 | D        | Found a shadowy altar of Dithmenos.
   265 | D        | Found a snail-covered altar of Cheibriados.
   268 | D        | Found a corrupted altar of Lugonu.
   268 | D        | Found a radiant altar of Vehumet.
   268 | D        | Found a roughly hewn altar of Beogh.
   269 | D        | Found an ancient bone altar of Kikubaaqudgha.
   269 | D        | Found a hide-covered altar of Uskayaw.
   269 | D        | Found a broken altar of Ashenzari.
   326 | D        | Noticed Ijyb
   327 | D        | Became a worshipper of Beogh the Brigand
   330 | D        | Noticed a phantom
   332 | D        | Reached skill level 8 in Fighting
   344 | D        | Killed Ijyb
   345 | D        | Killed a phantom
   388 | D        | Reached * piety under Beogh
   389 | D        | Reached XP level 6. HP: 62/62 MP: 6/6
   389 | D        | Noticed a basilisk
   431 | D        | Killed a basilisk
   432 | D        | Reached skill level 9 in Fighting
   432 | D        | Reached skill level 1 in Unarmed Combat
   671 | D        | Noticed a floating eye
   675 | D        | Paralysed by a floating eye for 2 turns
   679 | D        | Killed a floating eye
   679 | D        | Reached ** piety under Beogh
   680 | D        | Reached XP level 7. HP: 71/71 MP: 7/7
   761 | D        | Noticed a water elemental
   816 | D        | Killed a water elemental
   817 | D        | Reached skill level 10 in Fighting
   870 | D        | Noticed a water elemental
   871 | D        | Noticed a merfolk aquamancer
   872 | D        | Noticed a merfolk
   878 | D        | Killed from afar by a merfolk aquamancer

Illustrated notes

Levels and vault maps discovered:
D:        pitsprint [storerooms_1, entrance_room_1, metal_vault_7, armoury_3,
          mini_pit_1, grid_room_1, main_hall_1, silver_pit, the_coven_3,
          the_vestibule_1, steel_vault_4, golden_pit, hallway_of_sentries,
          crystal_vault_1, iron_vault_1, final_vault]

Skill      XL: |  1  2  3  4  5  6  7 |
---------------+----------------------+-----
Fighting       | 4 7 8 9 10 | 10.2
Axes           | 3 5 7 8 9 |  9.7
Armour         | 4 6 7 9 |  9.5
Shields        | 4 6 7 8 |  8.0
Dodging        | 1 2 |  2.6
Unarmed Combat | 1 2 |  2.1
Throwing       | |  0.3
Stealth        | |  0.5

Action                     |  1- 3 |  4- 6 |  7- 9 || total
---------------------------+-------+-------+-------++-------
  Melee: War axe           |    17 |    11 |       ||    28
         Unarmed           |       |    19 |       ||    19
         Hand axe          |       |    39 |    25 ||    64
  Throw: Stone             |       |       |     2 ||     2
 Invoke: Convert to Beogh  |       |     1 |       ||     1
 Armour: Scale mail        |     9 |       |       ||     9
         Plate armour      |       |    25 |    21 ||    46
         Skin              |       |     3 |       ||     3
  Dodge: Dodged            |     7 |    33 |    15 ||    55
  Block: Buckler           |     2 |    10 |     9 ||    21

Table legend: (Time is in decaauts)
 A = Elapsed time spent in this place.
 B = Non-inter-level travel time spent in this place.
 C = Inter-level travel time spent in this place.
 D = Time resting spent in this place.
 E = Time spent auto-exploring this place.
 F = Levels seen in this place.
 G = Mean time per level.
                   A        B        C        D        E       F      G
               +--------+--------+--------+--------+--------+-----+--------+
         Total |    886 |    756 |    130 |    366 |      4 |   1 |  886.0 |
       Dungeon |    886 |    756 |    130 |    366 |      4 |   1 |  886.0 |
               +--------+--------+--------+--------+--------+-----+--------+

Top non-repeatable levels by time:
       D: 886 daAuts
